AoeStats
← PJ2

Arabian Desert

509115626Analyzed
1v1 RM · 7d ago on Sep 25, 2026· 20m 58s· 2 players
Game mode
Random Map
Map size
Tiny (2 player)
Population
200
Speed
Normal
Resources
Standard
Victory
Conquest
Starting age
Dark Age
Ending age
Imperial Age
RankedLock teamsTeams togetherTeam positionsShared explorationLock speedFull tech treeHidden civsTurbo modeCheats
Victory
Defeat
🇬🇧 Spanish · United Kingdom
1016
+16
🇺🇸 Britons · United States
1013
-16
PJ2
6:10 Loom
9:33 Feudal Age
10:06 Town Watch
10:13 Double-Bit Axe
raghuvlk
0:36 Loom
10:46 Feudal Age
13:43 Bloodlines
21:13 Castle Age
Connection lost

Rejoining the realm…

Still unreachable

The connection could not be restored.

Session expired

The server has moved on; the page needs a fresh start.